 Dungeon Crawl Stone Soup version 0.31-a0-233-g139696dc86 (webtiles) character file.

Game seed: 160109852464040443

33614 Decritt the Fighter (level 13, -13/90 HPs)
             Began as a Gargoyle Fighter on July 9, 2023.
             Was a Follower of Ru.
             Killed from afar by a steam dragon (19 damage)
             ... with a ball of steam
             ... on level 5 of the Lair of Beasts.
             The game lasted 00:30:15 (12107 turns).

Decritt the Fighter (Gargoyle Fighter)             Turns: 12107, Time: 00:30:16

Health: -13/90     AC: 25    Str: 25    XL:     13   Next: 72%
Magic:  13/13      EV: 13    Int:  9    God:    Ru [*.....]
Gold:   702        SH: 16    Dex:  9    Spells: 12/12 levels left

rFire   . . .        O - +0 demon whip (venom)
rCold   . . .        B - +0 tower shield
rNeg    + . .        j - +0 chain mail of Daisies {Regen+ rCorr Slay+2 Stlth+}
rPois   ∞            p - +1 helmet
rElec   +            d - +0 cloak
rCorr   +            (no gloves)
SInv    .            (no boots)
Will    +....        m - amulet of regeneration Stlth
                     s - +5 ring of evasion
HPRegen 1.95/turn    M - ring of willpower
MPRegen 0.13/turn

%: no passive effects
@: frozen, very slow
A: sickness immunity, AC +9, negative energy resistance 1, electricity
resistance, torment resistance 1, petrification resistance, no stealth, no ice
magic, no necromancy magic, no transmutations magic
a: Renounce Religion


You were on level 5 of the Lair of Beasts.
You worshipped Ru.
Ru was aware of your devotion.
You visited 4 branches of the dungeon, and saw 17 of its levels.

You collected 1098 gold pieces.
You spent 396 gold pieces at shops.

Inventory:

Hand Weapons
 O - a +0 demon whip of venom (weapon)
Missiles
 A - 8 javelins
Armour
 d - a +0 cloak (worn)
 j - the +0 chain mail of Daisies (worn) {Regen+ rCorr Slay+2 Stlth+}
   (You bought it in a shop on level 3 of the Dungeon)

   Slay:      It affects your accuracy & damage with ranged weapons and melee
   (+2).
   Regen:     It increases your rate of health regeneration.
   rCorr:     It protects you from acid and corrosion.
   Stlth:     It makes you more stealthy.
 p - a +1 helmet (worn)
 B - a +0 tower shield (worn)
Jewellery
 c - an amulet of guardian spirit
 e - a ring of resist corrosion
 i - a ring of willpower
 m - an amulet of regeneration (around neck)
 r - the ring "Namauh" {rF++ rC- Str+4 Int+2 Dex+6}
   (You acquired it on level 4 of the Lair of Beasts)

   [ring of dexterity]

   Str:       It affects your strength (+4).
   Int:       It affects your intelligence (+2).
   Dex:       It affects your dexterity (+6).
   rF:        It greatly protects you from fire.
   rC:        It makes you vulnerable to cold.
 s - a +5 ring of evasion (left hand)
 v - a ring of ice
 M - a ring of willpower (right hand)
Wands
 g - a wand of flame (18)
 h - a wand of paralysis (9)
 y - a wand of polymorph (11)
 C - a wand of quicksilver (5)
 P - a wand of roots (11)
Scrolls
 a - a scroll of silence {unknown}
 b - a scroll of enchant armour
 f - 4 scrolls of fear
 n - 4 scrolls of poison
 w - 7 scrolls of teleportation
 z - 2 scrolls of blinking
 E - 4 scrolls of fog
 Q - a scroll of immolation
Potions
 k - 6 potions of curing
 l - 4 potions of mutation
 o - a potion of haste
 q - a potion of cancellation
 t - 2 potions of enlightenment
 u - a potion of resistance
 x - 3 potions of heal wounds
 D - 5 potions of attraction
 H - 2 potions of might
 J - a potion of berserk rage
 L - 2 potions of degeneration {unknown}
 N - 5 potions of ambrosia
 R - a potion of lignification {unknown}
Miscellaneous
 I - a sack of spiders


   Skills:
 - Level 14.1 Fighting
 - Level 12.7 Maces & Flails
 - Level 0.1 Throwing
 - Level 10.3 Armour
 - Level 3.3 Dodging
 + Level 12.9 Shields


You had 12 spell levels left.
You didn't know any spells.
Your spell library contained the following spells:

 Spells                   Type           Power      Damage    Failure   Level
 Apportation              Tloc           0%         N/A       99%         1
 Summon Small Mammal      Summ           0%         N/A       99%         1
 Blink                    Tloc           0%         N/A       100%        2
 Lesser Beckoning         Tloc           0%         N/A       100%        2
 Momentum Strike          Conj/Tloc      0%         3d8       100%        2
 Scorch                   Fire           0%         2d5       100%        2
 Call Canine Familiar     Summ           0%         N/A       100%        3
 Gell's Gravitas          Tloc           0%         N/A       100%        3
 Portal Projectile        Hex/Tloc       0%         N/A       100%        3
 Summon Guardian Golem    Hex/Summ       0%         N/A       100%        3
 Teleport Other           Tloc           0%         N/A       100%        3
 Flame Wave               Conj/Fire      0%         2d4       100%        4
 Leda's Liquefaction      Hex/Erth       0%         N/A       100%        4
 Summon Cactus Giant      Summ           0%         N/A       100%        6
 Necrotise                Necr           Unusable   1d4       N/A         1

Dungeon Overview and Level Annotations

Branches:
Dungeon (10/15)            Temple (1/1) D:4            Lair (5/5) D:9
 Shoals (0/4) Lair:3        Snake (1/4) Lair:3          Orc (0/2) D:10
  Slime: Lair:4-5

Altars:
Ashenzari
Cheibriados
Elyvilon
Gozag
Nemelex Xobeh
Okawaru
Qazlal
Ru
Sif Muna
Trog
Uskayaw
Vehumet
Wu Jian
Xom
Zin

Shops:
D:3 *?:(   D:7 ?

Annotations:
D:4 1 transporter, Tinttamiau's ghost, amateur DEHW
D:10 3 runed translucent doors, gangalbani's ghost, novice DrBe
Lair:2 exclusion: 4 oklob plants


Innate Abilities, Weirdness & Mutations

You are immune to sickness and miasma.
Your stone body is resilient. (AC +9)
You are immune to poison.
You resist negative energy. (rN+)
You are resistant to electric shocks. (rElec)
You are resistant to unholy torment.
You are immune to petrification.
You cannot be stealthy.
You cannot study or cast Ice magic.
You cannot study or cast Necromancy magic.
You cannot study or cast Transmutations magic.


Message History

The ice encasing you melts away.
You barely miss the steam dragon.
The steam dragon is lightly wounded.
You block the steam dragon's attack. x2
You whack the steam dragon!
The steam dragon is severely wounded.
The steam dragon bites you but does no damage.
You block the steam dragon's attack.
You thrash the steam dragon!!
You kill the steam dragon!
No target in view!
You start resting.
HP restored.
You climb downwards.
The rime drake breathes ice at you. The icy flash freeze hits you!!
You are encased in ice.
There is a stone staircase leading up here.
The steam dragon begins to attack, but is stunned by your conviction!
You climb upwards.
There is a stone staircase leading down here.
You start resting.
The ice encasing you melts away.
HP restored.
You climb downwards.
The rime drake breathes ice at you. The icy flash freeze hits you!!
You are encased in ice.
The fire dragon breathes flames at you. The blast of flame hits you!!!
Ouch! That really hurt!
* * * LOW HITPOINT WARNING * * *
The steam dragon barely misses you. The steam dragon misses you.
The steam dragon closely misses you. You block the steam dragon's attack.
You hear an angry hiss.
There is a stone staircase leading up here.
The rime drake bites you but does no damage.
The steam dragon breathes steam at you. The ball of steam hits you!!
You die...

.. ##.....P ...
#.#P...## ^
...##.......#..
...D...........
...)k..........
.$.............
.$.§..kD.....?.
..D..Dk@.......
...)##k#..#....
# ## #...[ .
+..## ..# ..#
.# ##


You could see a fire dragon, 4 rime drakes and 3 steam dragons.

Vanquished Creatures
  A stone giant (D:10)
  4 hydras
  A two-headed ogre (D:10)
  2 boulder beetles (Lair:4)
  2 skysharks
  Amaemon (Lair:3)
  A cyclops (D:10)
  An elephant (Lair:2)
  A salamander (Lair:3)
  4 black mambas
  A moth of wrath (shapeshifter) (D:10)
  An orange demon (Lair:3)
  5 cane toads
  Psyche (D:8)
  2 kobold demonologists
  2 komodo dragons
  4 rime drakes
  4 trolls
  A hornet (D:10)
  7 blink frogs
  2 wraiths (D:10)
  2 shadows
  39 yaks
  3 basilisks (Lair:2)
  8 wyverns
  8 steam dragons
  4 acid dragons
  4 orc warriors
  16 water moccasins
  7 black bears
  2 ice beasts
  2 sky beasts (D:7)
  4 wolves
  3 ogres
  2 centaurs
  3 kobold brigands
  12 bullfrogs
  6 scorpions
  A gnoll sergeant (D:7)
  6 wights
  35 killer bees
  2 electric eels (D:9)
  4 howler monkeys
  3 lava snakes (Lair:3)
  Crazy Yiuf (D:3)
  4 orc priests
  9 hounds
  3 iguanas
  A sleepcap (D:5)
  8 orc wizards
  A hell rat (Lair:2)
  9 gnolls
  5 adders
  A shadow imp (D:5)
  3 white imps
  2 ufetubi
  A worm (D:3)
  3 dart slugs
  26 orcs
  6 bats
  5 endoplasms
  6 giant cockroaches
  A goblin (D:1)
  12 hobgoblins
  7 jackals
  4 quokkas
  11 ball pythons
  2 frilled lizards (D:1)
  19 kobolds
  8 rats
382 creatures vanquished.

Vanquished Creatures (others)
  A deep elf zephyrmancer (D:10)
  A black mamba (Lair:1)
  A troll (D:10)
  A yak (D:9)
  A steam dragon (Lair:5)
  A water moccasin (Lair:2)
  A bullfrog (D:9)
  2 killer bees (Lair:2)
9 creatures vanquished.

Grand Total: 391 creatures vanquished

Notes
Turn   | Place    | Note
-------+----------+-------------------------------------------
     0 | D:1      | Decritt the Gargoyle Fighter began the quest for the Orb.
     0 | D:1      | Reached XP level 1. HP: 14/14 MP: 1/1
   162 | D:1      | Reached XP level 2. HP: 19/19 MP: 2/2
   280 | D:1      | Reached XP level 3. HP: 23/23 MP: 3/3
   813 | D:2      | Reached skill level 4 in Fighting
   813 | D:2      | Reached skill level 1 in Dodging
   813 | D:2      | Reached XP level 4. HP: 24/29 MP: 4/4
  1882 | D:3      | Found Ethronuat's General Store.
  1890 | D:3      | Reached XP level 5. HP: 33/33 MP: 5/5
  1892 | D:3      | Found Isomog's Magic Scroll Shop.
  1965 | D:3      | Found Durast Lyku's Book Shop.
  2194 | D:3      | Found a runed translucent door.
  2195 | D:3      | Noticed Crazy Yiuf
  2283 | D:3      | Found Sistramp's Weapon Shop.
  2805 | D:3      | Killed Crazy Yiuf
  2806 | D:3      | Reached XP level 6. HP: 12/40 MP: 1/6
  3115 | D:4      | Found a staircase to the Ecumenical Temple.
  3117 | D:4      | Found a transporter.
  3121 | D:4      | Noticed Tinttamiau's ghost (amateur DEHW)
  3130 | Temple   | Entered the Ecumenical Temple
  3146 | Temple   | Became a worshipper of Ru the Awakened
  3224 | D:4      | Reached skill level 5 in Fighting
  3528 | D:4      | Reached XP level 7. HP: 39/44 MP: 7/7
  3705 | D:5      | Entered Level 5 of the Dungeon
  4127 | D:3      | Bought the +0 chain mail of Daisies {Regen+ rCorr Slay+2
                  | Stlth+} for 396 gold pieces
  4626 | D:6      | Reached skill level 6 in Fighting
  4639 | D:6      | Gained mutation: You cannot study or cast Ice magic. [Ru
                  | sacrifice]
  4639 | D:6      | Gained mutation: You cannot study or cast Transmutations
                  | magic. [Ru sacrifice]
  4639 | D:6      | Gained mutation: You cannot study or cast Necromancy magic.
                  | [Ru sacrifice]
  4639 | D:6      | Reached * piety under Ru
  4719 | D:6      | Reached skill level 5 in Armour
  4749 | D:6      | Reached skill level 5 in Maces & Flails
  4749 | D:6      | Reached XP level 8. HP: 51/51 MP: 8/8
  4829 | D:6      | Found an iron altar of Okawaru.
  4837 | D:6      | Found a white marble altar of Elyvilon.
  4960 | D:6      | Reached skill level 5 in Shields
  5034 | D:6      | Reached skill level 7 in Fighting
  5522 | D:7      | Reached XP level 9. HP: 56/59 MP: 9/9
  5536 | D:7      | Reached skill level 8 in Fighting
  5554 | D:7      | Found The Oracle's Delphic Readings.
  6236 | D:8      | Noticed Psyche
  6263 | D:8      | Killed Psyche
  6343 | D:8      | Reached skill level 9 in Fighting
  6448 | D:8      | Reached XP level 10. HP: 63/66 MP: 8/10
  6660 | D:8      | Reached skill level 10 in Fighting
  6671 | D:8      | Gained mutation: You cannot be stealthy. [Ru sacrifice]
  7274 | D:9      | Found a staircase to the Lair.
  7406 | D:9      | Reached XP level 11. HP: 68/73 MP: 11/11
  7611 | D:9      | Reached skill level 11 in Fighting
  7787 | D:10     | Entered Level 10 of the Dungeon
  7821 | D:10     | Reached skill level 10 in Maces & Flails
  7836 | D:10     | Noticed a two-headed ogre
  7837 | D:10     | a jumping spider changed into a moth of wrath
  7837 | D:10     | Noticed a moth of wrath (shapeshifter)
  7854 | D:10     | Killed a moth of wrath
  7866 | D:10     | Killed a two-headed ogre
  8039 | D:10     | Reached skill level 12 in Fighting
  8179 | D:10     | Noticed a cyclops
  8194 | D:10     | Killed a cyclops
  8233 | D:10     | Noticed a stone giant
  8250 | D:10     | Killed a stone giant
  8250 | D:10     | Noticed a deep elf zephyrmancer
  8265 | D:10     | Killed a deep elf zephyrmancer
  8304 | D:10     | Found a staircase to the Orcish Mines.
  8366 | D:10     | Reached XP level 12. HP: 58/82 MP: 12/12
  8413 | D:10     | Found a runed translucent gate.
  8414 | D:10     | Found a runed translucent gate.
  8415 | D:10     | Found a runed translucent gate.
  8424 | D:10     | Noticed gangalbani's ghost (novice DrBe)
  8559 | D:10     | Found a shimmering altar of Xom.
  8749 | Lair:1   | Entered Level 1 of the Lair of Beasts
  9108 | Lair:1   | Reached skill level 13 in Fighting
  9491 | Lair:2   | Noticed a four-headed hydra
  9563 | Lair:1   | Killed a four-headed hydra
  9850 | Lair:2   | Reached skill level 10 in Armour
  9900 | Lair:2   | Reached XP level 13. HP: 89/89 MP: 13/13
 10129 | Lair:2   | Reached skill level 10 in Shields
 10346 | Lair:3   | Reached skill level 14 in Fighting
 10346 | Lair:3   | Noticed Amaemon
 10393 | Lair:3   | Killed Amaemon
 10826 | Lair:3   | Found a bloodstained altar of Trog.
 10848 | Lair:3   | Found a staircase to the Shoals.
 10915 | Lair:3   | Found a staircase to the Snake Pit.
 10937 | Snake:1  | Entered Level 1 of the Snake Pit
 11388 | Lair:4   | Identified a scroll of acquirement
 11388 | Lair:4   | Acquired the ring "Namauh" {rF++ rC- Str+4 Int+2 Dex+6}
 11889 | Lair:5   | Entered Level 5 of the Lair of Beasts
 12079 | Lair:5   | Noticed a fire dragon
 12106 | Lair:5   | HP: 4/90 [fire dragon/blast of flame (64)]
 12107 | Lair:5   | Killed from afar by a steam dragon

Illustrated notes

Levels and vault maps discovered:
D:1:      psy_arrival_whirlpool, layout_basic
D:2:      minmay_chambers_of_twos, layout_loops_corners,
          minmay_increasing_density
D:3:      layout_loops_ring, serial_shops, nicolae_shop_bloodbath_and_beyond,
          nicolae_shop_window_shopping, shop, nicolae_shop_tiny_waterfront,
          minmay_misc_feat_more_columns, serial_bayou_lagoon_a,
          cheibrodos_gnoll_hut, uniq_crazy_yiuf_cottage
D:4:      layout_loops_ring, minmay_temple_entry_glass,
          gammafunk_ghost_mausoleum
D:5:      layout_basic, serial_demonic, serial_demonic_c, serial_demonic_c,
          serial_demonic_e, serial_demonic_g, kennysheep_generic_room_2
D:6:      kennysheep_spiral_hall, layout_gridville, grunt_temple_overflow_open
D:7:      statuecave_lemuel, layout_basic, nicolae_nh_oracle_at_delphi
D:8:      layout_loops_cross, uniq_psyche
D:9:      layout_roguey, erik_lair_island, grunt_ogre_cave
D:10:     minmay_the_grid_3x3 [minmay_the_grid_square_x,
          minmay_the_grid_small_cups, minmay_the_grid_aliased_spiral,
          minmay_the_grid_expand, minmay_the_grid_zigzag_pyramid,
          minmay_the_grid_tree, minmay_the_grid_medium_cups,
          minmay_the_grid_empty, minmay_the_grid_prize_diamond_cup],
          layout_irregular_city, old_standard_altar, gammafunk_ghost_spectres
Temple:   nicolae_temple_bog_church
Lair:1:   layout_misc_corridors, beast_lair_carwin_8
Lair:2:   hangedman_what_comes_after_a, layout_big_grid, lemuel_fruit_tree
Lair:3:   layout_misc_corridors, elwin_shoals_entry_rocks,
          nicolae_snake_entry_warm_welcome, basic_altar, uniq_amaemon
Lair:4:   layout_cellular_growth, columned_hall_lemuel
Lair:5:   evilmike_catoblepas_cave, layout_regular_city,
          minmay_slime_entry_jelly_boxes, minivault_11, bobbens_dragon_lair_wall
Snake:1:  layout_misc_corridors, evilmike_ambush [evilmike_ambush_outer_basic,
          evilmike_ambush_inner_pond]

Skill      XL: |  1  2  3  4  5  6  7  8  9 10 11 12 13 |
---------------+----------------------------------------+-----
Fighting       | 4 5 6 7 9 10 12 13 14 | 14.1
Dodging        | 1 3 |  3.3
Maces & Flails | 3 4 5 6 8 9 11 12 | 12.7
Armour         | 4 5 6 8 9 10 | 10.3
Shields        | 4 5 6 7 8 9 12 | 12.9
Throwing       | |  0.1

Action                     |  1- 3 |  4- 6 |  7- 9 | 10-12 | 13-15 || total
---------------------------+-------+-------+-------+-------+-------++-------
  Melee: Flail             |    86 |       |       |       |       ||    86
         Morningstar       |     4 |   236 |   302 |   825 |    96 ||  1463
         Demon whip        |       |       |       |       |   212 ||   212
 Invoke: Sacrifice Arcana  |       |       |     1 |       |       ||     1
         Sacrifice Stealth |       |       |       |     1 |       ||     1
         Reject Sacrifices |       |       |       |     1 |     1 ||     2
    Use: Potion            |       |     1 |       |     1 |       ||     2
         Scroll            |       |     7 |    10 |     4 |     2 ||    23
   Stab: Distracted        |       |       |       |     1 |       ||     1
 Armour: Scale mail        |    49 |   123 |       |       |       ||   172
         Plate armour      |       |    43 |    40 |       |       ||    83
         Chain mail        |       |       |   140 |   589 |   161 ||   890
         Skin              |       |       |    15 |       |       ||    15
  Dodge: Dodged            |    55 |   161 |   220 |   615 |   168 ||  1219
  Block: Buckler           |    24 |    62 |    63 |       |       ||   149
         Tower shield      |       |       |    29 |   899 |   277 ||  1205
         Kite shield       |       |       |    17 |       |       ||    17

Table legend: (Time is in decaauts)
 A = Elapsed time spent in this place.
 B = Non-inter-level travel time spent in this place.
 C = Inter-level travel time spent in this place.
 D = Time resting spent in this place.
 E = Time spent auto-exploring this place.
 F = Levels seen in this place.
 G = Mean time per level.
                   A        B        C        D        E       F      G
               +--------+--------+--------+--------+--------+-----+--------+
         Total |  12421 |  11943 |    478 |    454 |   7931 |  17 |  730.6 |
       Dungeon |   9053 |   8680 |    373 |    293 |   5792 |  10 |  905.3 |
        Temple |     30 |     16 |     14 |      0 |      3 |   1 |   30.0 |
          Lair |   3336 |   3246 |     90 |    161 |   2135 |   5 |  667.2 |
     Snake Pit |      1 |      1 |      0 |      0 |      0 |   1 |    1.0 |
               +--------+--------+--------+--------+--------+-----+--------+

Top non-repeatable levels by time:
     D:3: 1240 daAuts
     D:2: 1188 daAuts
  Lair:4: 1017 daAuts
  Lair:2: 976 daAuts
    D:10: 951 daAuts
     D:9: 938 daAuts
     D:8: 883 daAuts
     D:5: 806 daAuts
     D:6: 780 daAuts
     D:7: 770 daAuts
     D:1: 750 daAuts
     D:4: 742 daAuts
  Lair:1: 678 daAuts
  Lair:3: 637 daAuts
  Temple: 30 daAuts
